 Dungeon Crawl Stone Soup version 0.30-a0-462-gd5975efbca (webtiles) character file.

Game seed: 12126800898353840491

102 ytrimaz the Magician (level 5, -5/35 HPs)
             Began as a Djinni Fire Elementalist on Dec 16, 2022.
             Killed by divine providence
             ... invoked by an orc priest
              (14 damage)
             ... on level 3 of the Dungeon.
             The game lasted 00:02:05 (1847 turns).

ytrimaz the Magician (Djinni Fire Elementalist)     Turns: 1847, Time: 00:02:06

Health: -5/35      AC:  2    Str:  7    XL:     5   Next: 6%
Gold:   104        EV: 12    Int: 19    God:
                   SH:  0    Dex: 13

rFire   + + .      SeeInvis .    (no weapon)
rCold   x . .      Faith    .    (no shield)
rNeg    + . .      Spirit   .    a - +0 robe
rPois   ∞          Reflect  .    (no helmet)
rElec   .          Harm     .    (no cloak)
rCorr   +          Rampage  .    (no gloves)
Will    .....                    (boots unavailable)
Stlth   ++........               (no amulet)
HPRegen 0.25/turn                j - ring of Uffi {Fly rN+ rCorr Slay-2}
MPRegen 0.00/turn                (no ring)

@: flying, very slightly contaminated
A: sickness immunity, fire resistance 2, cold vulnerability 1, float, innate
caster, HP casting, extra vitality 1
a: no special abilities


You were on level 3 of the Dungeon.
You visited 1 branch of the dungeon, and saw 3 of its levels.

You collected 104 gold pieces.


Innate Abilities, Weirdness & Mutations

You are immune to sickness and miasma.
You are immune to poison.
Your flesh is very heat resistant. (rF++)
You are vulnerable to cold. (rC-)
You float through the air rather than walking.
You learn spells naturally, not from books.
Your magical power is your life essence.
You have superior vitality. (+4 MHP)


   Skills:
 - Level 2.1 Dodging
 - Level 1.5 Stealth
 + Level 4.1 Spellcasting


You couldn't memorise any spells.
You knew the following spells:

 Your Spells              Type           Power      Damage    Failure   Level
a - Foxfire               Conj/Fire      76%        2x1d7     2%          1
b - Scorch                Fire           38%        2d6       3%          2
c - Kindle Blastsparks    Fire/Tloc/Air  38%        2d13      8%          3
d - Flame Wave            Conj/Fire      19%        2d7       24%         4
e - Inner Flame           Hex/Fire       19%        N/A       8%          3
f - Kiss of Death         Conj/Necr      76%        2d11      2%          1
g - Searing Ray           Conj           38%        2d5       3%          2
Your spell library was empty.

Inventory:

Armour
 a - a +0 robe (worn)
Jewellery
 j - the ring of Uffi (left hand) {Fly rN+ rCorr Slay-2}
   (You found it on level 2 of the Dungeon)

   [ring of positive energy]

   Slay:      It affects your accuracy & damage with ranged weapons and melee
   (-2).
   rN:        It protects you from negative energy.
   Fly:       It grants you flight.
   rCorr:     It protects you from acid and corrosion.
Scrolls
 g - a scroll of poison
 i - 2 scrolls of enchant weapon
 l - a scroll of blinking
 m - a scroll of identify
 n - a scroll of brand weapon {unknown}
Potions
 b - a potion of might {unknown}
 c - a potion of magic
 d - a potion of heal wounds
 e - a potion of mutation {unknown}
 f - 2 potions of curing {unknown}
 h - a potion of ambrosia {unknown}
 k - 2 potions of brilliance {unknown}

Dungeon Overview and Level Annotations

Branches:
Dungeon (3/15) Zot: 16153

Altars:

#.#.).##.# ####.
#####†##.)...#
#....##....†.......#..
.......#[...##..).....#
.......†.............##
......###....#.)..###
......###........##
#.#######........##..#
...........@§o.......#
.....########))......#
.## #..#..#### #..#...#
#.....## #..<##!# ###†#
.# #)# ## #.#


You could see an orc priest.


Message History

You conjure some foxfire!
The foxfire hits the orc. x2 😕 HP[-1]
You take 1 damage, and now have 27/31 hp.
You conjure some foxfire!
The foxfire hits the orc.
You kill the orc!
You have reached level 5!
The power to cast Searing Ray wells up from within.
Spell assigned to 'g'. 😕 HP[+3]
You now have 35 max hp (+4).
You regained 3 hp, and now have 30/35 hp.
An orc comes into view. It is wielding a +0 club. 😕 HP[+2]
You regained 2 hp, and now have 32/35 hp.
An orc is nearby!
An orc is nearby!
Unknown command.
Casting: Foxfire (safe; 2% risk of failure)
Confirm with . or Enter, or press ? or * to list all spells.
Okay, then.
An orc is nearby!
You conjure some foxfire!
The orc shouts!
A giant cockroach comes into view. 😕 HP[-1]
You take 1 damage, and now have 31/35 hp.
You miscast Foxfire.
You are very lightly contaminated with residual magic.
Nothing appears to happen.
An orc priest comes into view. It is wielding a +0 flail. 😕 HP[-1]
You take 1 damage, and now have 30/35 hp.
You conjure some foxfire!
The foxfire hits the giant cockroach.
An orc comes into view. It is wielding a +0 club. 😕 HP[-1]
You take 1 damage, and now have 29/35 hp.
Unknown command.
You miscast Foxfire.
Nothing appears to happen.
The orc shouts!
The giant cockroach bites you. 😕 HP[-2]
You take 2 damage, and now have 27/35 hp.
You conjure some foxfire!
The giant cockroach barely misses you. 😮 HP[-1]
You take 1 damage, and now have 26/35 hp.
Unknown command.
The foxfire hits the orc priest.
The foxfire hits the giant cockroach.
You kill the giant cockroach!
Casting: Foxfire (safe; 2% risk of failure)
Confirm with . or Enter, or press ? or * to list all spells.
The spell is extremely dangerous to miscast (24% risk of failure)!
Continue anyway?
Okay, then.
The orc hits you but does no damage. 😕 HP[+1]
Casting: Flame Wave (extremely dangerous; 24% risk of failure)
Confirm with . or Enter, or press ? or * to list all spells.
The spell is extremely dangerous to miscast (24% risk of failure)!
Continue anyway?
Casting: Flame Wave (extremely dangerous; 24% risk of failure)
Press: ? - help, Dir - look around, f - activate You miscast Flame Wave.
A wave of violent energy washes through your body.
* * * LOW HITPOINT WARNING * * *
x2 The orc barely misses you. 😨 HP[-10]
You take 10 damage, and now have 17/35 hp.
MASSIVE DAMAGE!! (PAUSE)
Casting: Flame Wave (extremely dangerous; 24% risk of failure)
Confirm with . or Enter, or press ? or * to list all spells.
A cloud of volatile blastsparks flares up around you!
* * * LOW HITPOINT WARNING * * *
The orc closely misses you.
The orc priest calls down the wrath of Beogh upon you.
Pain shoots through your body!
* * * LOW HITPOINT WARNING * * *
Unknown command. 😨 HP[-4]
You take 4 damage, and now have 13/35 hp.
The orc hits you with a +0 club.
* * * LOW HITPOINT WARNING * * *
The cloud of blastsparks explodes!
The concussive blast engulfs the orc!
You kill the orc!
The concussive blast engulfs the orc!
You kill the orc!
The concussive blast engulfs the orc priest.
The orc priest is knocked back by the blast.
You hear an angry hiss. 😨 HP[-1]
You take 1 damage, and now have 12/35 hp.
Unknown command.
Casting: Kindle Blastsparks (dangerous; 8% risk of failure)
Confirm with . or Enter, or press ? or * to list all spells.
A cloud of volatile blastsparks flares up around you!
* * * LOW HITPOINT WARNING * * *
😨 HP[-3]
You take 3 damage, and now have 9/35 hp.
Unknown command.
The orc priest mumbles some strange prayers to Beogh against you.
Beogh smites you!
You die...

Skill      XL: |  1  2  3  4 |
---------------+-------------+-----
Spellcasting   | 3 4 |  4.1
Dodging        | |  2.1
Stealth        | |  1.5

Action                   |  1- 3 |  4- 6 || total
-------------------------+-------+-------++-------
Melee: Unarmed           |     1 |       ||     1
 Cast: Foxfire           |   113 |    35 ||   148
       Kindle Blastspark |       |     2 ||     2
  Use: Scroll            |     7 |       ||     7
       Potion            |       |     1 ||     1
Armor: Robe              |     3 |     1 ||     4
Dodge: Dodged            |     3 |     4 ||     7

Levels and vault maps discovered:
D:1:      scummos_arrival_hexagon, layout_loops_ring
D:2:      layout_loops_cross, hangedman_decor_points
D:3:      cheibrodos_greedy_goblins, layout_rooms, grunt_decor_mini_mirrors

Notes
Turn   | Place    | Note
-------+----------+-------------------------------------------
     0 | D:1      | ytrimaz the Djinni Fire Elementalist began the quest for
                  | the Orb.
     0 | D:1      | ytrimaz set off with the following spells memorised:
                  | Foxfire, Scorch, Kindle Blastsparks, Inner Flame, Flame
                  | Wave.
     0 | D:1      | Reached XP level 1. HP: 15/15 MP: 0/0
     0 | D:1      | magus.rc [v1.9.6]
   122 | D:1      | Reached XP level 2. HP: 17/21 MP: 0/0
   409 | D:1      | Reached skill level 3 in Spellcasting
   667 | D:1      | Reached XP level 3. HP: 24/25 MP: 0/0
   667 | D:1      | Learned a level 1 spell: Kiss of Death
  1198 | D:2      | Identified the ring of Uffi {Fly rN+ rCorr Slay-2}
  1699 | D:3      | Reached XP level 4. HP: 28/31 MP: 0/0
  1708 | D:3      | HP: 6/31 [gnoll/+0 whip (6)]
  1710 | D:3      | Reached skill level 4 in Spellcasting
  1826 | D:3      | Reached XP level 5. HP: 30/35 MP: 0/0
  1826 | D:3      | Learned a level 2 spell: Searing Ray
  1847 | D:3      | Killed from afar by an orc priest

Vanquished Creatures
  4 gnolls (D:3)
  An adder (D:2)
  A dart slug (D:3)
  4 orcs (D:3)
  5 ball pythons
  4 bats
  3 endoplasms
  3 giant cockroaches
  5 goblins
  3 hobgoblins (D:1)
  A quokka (D:3)
  3 frilled lizards
  5 kobolds
  6 rats
48 creatures vanquished.

Vanquished Creatures (collateral kills)
  A foxfire (D:3)
1 creature vanquished.

Vanquished Creatures (others)
  222 foxfires
222 creatures vanquished.

Grand Total: 271 creatures vanquished

Table legend:
 A = Non-vault XP
 B = Vault XP
 C = Vault XP percentage of total XP
 D = Non-vault monster count
 E = Vault monster count
 F = Vault count percentage of total count
                 A         B        C        D         E       F
            +---------+---------+-------+---------+---------+-------
      Total |     147 |       0 |   0.0 |      48 |       0 |   0.0
            +---------+---------+-------+---------+---------+-------
        D:1 |      29 |       0 |   0.0 |      18 |       0 |   0.0
        D:2 |      31 |       0 |   0.0 |      13 |       0 |   0.0
        D:3 |      87 |       0 |   0.0 |      17 |       0 |   0.0
            +---------+---------+-------+---------+---------+-------

Illustrated notes

Table legend:
 A = Kills in this place as a percentage of kills in entire the game.
 B = Kills by you in this place as a percentage of kills by you in the entire game.
 C = Kills by friends in this place as a percentage of kills by friends in the entire game.
 D = Other kills in this place as a percentage of other kills in the entire game.
 E = Experience gained in this place as a percentage of experience gained in the entire game.
 F = Experience gained in this place divided by the number of levels of this place that you have seen.
                   A       B       C       D       E      F
               +-------+-------+-------+-------+-------+----------------------
         Total | 100.0 | 100.0 |   N/A |   N/A | 100.0 |  49.0
       Dungeon | 100.0 | 100.0 |   N/A |   N/A | 100.0 |  49.0
               +-------+-------+-------+-------+-------+----------------------

Table legend: (Time is in decaauts)
 A = Elapsed time spent in this place.
 B = Non-inter-level travel time spent in this place.
 C = Inter-level travel time spent in this place.
 D = Time resting spent in this place.
 E = Time spent auto-exploring this place.
 F = Levels seen in this place.
 G = Mean time per level.
                   A        B        C        D        E       F      G
               +--------+--------+--------+--------+--------+-----+--------+
         Total |   1845 |   1801 |     44 |      0 |   1526 |   3 |  615.0 |
       Dungeon |   1845 |   1801 |     44 |      0 |   1526 |   3 |  615.0 |
               +--------+--------+--------+--------+--------+-----+--------+

Top non-repeatable levels by time:
     D:1: 837 daAuts
     D:2: 688 daAuts
     D:3: 320 daAuts
